 Dungeon Crawl Stone Soup version 0.29-a0-23-ga79f92ac9c (webtiles) character file.

Game seed: 9248525401822396003

7525 freelancePsychic the Fighter (level 11, -5/63 HPs)
             Began as a Vine Stalker Brigand on Jan 31, 2022.
             Was an Initiate of Cheibriados.
             Killed from afar by a gargoyle (13 damage)
             ... with a stone arrow
             ... on level 10 of the Dungeon.
             The game lasted 00:22:37 (9684 turns).

freelancePsychic the Fighter (Vine Stalker Brigand) Turns: 9684, Time: 00:22:37

Health: -5/63      AC: 16    Str: 20    XL:     11   Next: 16%
Magic:  0/12       EV:  6    Int: 12    God:    Cheibriados [......]
Gold:   440        SH:  0    Dex: 16    Spells: 11/11 levels left

rFire   + . .      SeeInvis .   a - +2 dagger (elec)
rCold   . . .      Faith    .   (no shield)
rNeg    + . .      Spirit   +   m - +0 plate armour
rPois   .          Reflect  .   A - +0 helmet
rElec   .          Harm     .   c - +0 cloak
rCorr   .          Rampage  .   (no gloves)
Will    +....                   (no boots)
Stlth   ..........              (no amulet)
HPRegen 1.00/turn               h - ring of positive energy
MPRegen 0.13/turn               B - ring of protection from fire

@: slowed, studying Short Blades, very slow
A: fangs 3, regeneration 1, magic shield, antimagic bite, no potion heal 2
a: Renounce Religion


You were on level 10 of the Dungeon.
You worshipped Cheibriados.
Cheibriados was noncommittal.
You visited 2 branches of the dungeon, and saw 11 of its levels.
You also visited: Sewer and Ossuary.

You collected 440 gold pieces.

Inventory:

Hand Weapons
 a - a +2 dagger of electrocution (weapon)
 b - a +2 dagger of venom
Missiles
 d - 36 poisoned darts (quivered)
 s - 3 curare-tipped darts
Armour
 c - a +0 cloak (worn)
 m - a +0 plate armour (worn)
 A - a +0 helmet (worn)
Jewellery
 h - a ring of positive energy (left hand)
 B - a ring of protection from fire (right hand)
Wands
 x - a wand of polymorph (7)
 F - a wand of digging (4)
 H - a wand of flame (20)
 J - a wand of iceblast (4)
Scrolls
 f - 3 scrolls of blinking
 l - a scroll of silence
 o - 4 scrolls of immolation
 q - 4 scrolls of teleportation {@r4}
 r - a scroll of identify {@r1}
 y - 2 scrolls of brand weapon
 z - 2 scrolls of amnesia
 C - 2 scrolls of enchant armour
 G - 3 scrolls of vulnerability
 I - 2 scrolls of magic mapping
 L - 2 scrolls of fog
Potions
 e - a potion of brilliance
 g - a potion of haste {@q3}
 i - 4 potions of curing {@q1}
 j - 2 potions of invisibility {unknown}
 k - a potion of magic
 n - 2 potions of flight {unknown}
 p - 2 potions of resistance
 t - a potion of might {unknown}
 u - 4 potions of mutation {unknown}
 v - 5 potions of heal wounds {unknown}
 D - a potion of cancellation {unknown}
 E - 3 potions of degeneration {unknown}
 K - a potion of berserk rage {unknown}
 M - 2 potions of lignification {unknown}


   Skills:
 + Level 10.2 Fighting
 - Level 10.0 Short Blades
 - Level 1.7 Throwing
 + Level 8.2 Armour
 + Level 0.8 Dodging
 - Level 4.8 Stealth
 - Level 0.6 Spellcasting
 - Level 1.2 Conjurations


You had 11 spell levels left.
You didn't know any spells.
Your spell library contained the following spells:

 Spells                   Type           Power      Damage    Failure   Level
 Magic Dart               Conj           12%        1d3       98%         1
 Searing Ray              Conj           6%         2d4       99%         2
 Frozen Ramparts          Ice            0%         1d2       100%        3
 Fulminant Prism          Conj/Hex       0%         3d6       100%        4
 Ice Form                 Ice/Tmut       0%         N/A       100%        4
 Summon Ice Beast         Ice/Summ       0%         N/A       100%        4


Dungeon Overview and Level Annotations

Branches:
Dungeon (10/15)            Temple (1/1) D:4            Lair (0/6) D:8
    Orc (0/2) D:10          Sewer (visited)         Ossuary (visited)

Altars:
Ashenzari
Cheibriados
Dithmenos
Elyvilon
Fedhas
Gozag
Hepliaklqana
Kikubaaqudgha
Makhleb
Nemelex Xobeh
Okawaru
Qazlal
Ru
Sif Muna
Trog
Uskayaw
Vehumet
Wu Jian
Xom
Yredelemnul
Zin
The Shining One

Shops:
D:2 =

Portals:
Abyss: D:10

Annotations:
D:3 Sigmund
D:10 2 transporters, lonewolfV2's ghost, novice MiFi


Innate Abilities, Weirdness & Mutations

You have razor-sharp teeth.
Your natural rate of healing is unusually fast.
When hurt, damage is shared between your health and your magic reserves.
Your bite disrupts and absorbs the magic of your enemies.
Potions cannot restore your health.


Message History

You bite the gargoyle, but do no damage.
The gargoyle is almost destroyed.
The gargoyle hits you but does no damage.
You hit the gargoyle but do no damage.
The gargoyle is almost destroyed.
The wraith hits you but does no damage. The orc hits you but does no damage.
You hit the gargoyle but do no damage.
The gargoyle is almost destroyed.
The gargoyle hits you with a +0 morningstar!
You hit the gargoyle.
The gargoyle is almost destroyed.
The wraith hits you but does no damage. The orc hits you but does no damage.
You closely miss the gargoyle. Your bite misses the gargoyle.
The gargoyle is almost destroyed.
The gargoyle hurls a stone arrow at you.
The stone arrow hits you!
* * * LOW HITPOINT WARNING * * *
You barely miss the gargoyle.
The gargoyle is almost destroyed.
The wraith hits you!
* * * LOW HITPOINT WARNING * * *
The wraith drains your vigour!
You feel yourself slow down. The orc hits you but does no damage.
As you read the scroll of fear, it crumbles to dust.
You assume a fearsome visage.
The orc looks frightened!
The wraith is unaffected.
The gargoyle is unaffected.
The gargoyle hurls a stone arrow at you.
The stone arrow hits you!
* * * LOW HITPOINT WARNING * * *
The wraith barely misses you.
The gargoyle hurls a stone arrow at you.
The stone arrow hits you but does no damage.
Unknown command.
Unknown command.
The wraith closely misses you.
The gargoyle hurls a stone arrow at you.
The stone arrow hits you!
You die...

....# #.....#
#######..##.. ....## .##
#.....####### #..##..
.....# ....#.._..#......
#...... .....#
....#######...... #......
.....# ................
#...... .....#
......)......... #......
.....# ............#
##...... .....#
......))W...#######.......
.....#
........9@..#.....#....##.
.....#
....o.......#.....#....##.
######
...####....)##....#....##.
...# ..
###.....##....#....##.
##.# .
#.............+....##.
#.......##....#.......
#.......##....#.......
##.#
+.............#.......
...#
######'###....#.......


You could see a wraith, a gargoyle and an orc (fleeing).

Vanquished Creatures
  A centaur warrior (D:9)
  A manticore (D:9)
  A komodo dragon (D:8)
  A meliai (D:9)
  A hornet (D:7)
  Grinder (D:6)
  2 wyverns (D:9)
  2 wraiths (D:9)
  4 yaks (D:9)
  2 steam dragons
  Menkaure (Ossuary)
  Duvessa (D:5)
  4 orc warriors
  4 black bears
  2 sky beasts
  A centaur (D:8)
  Blork the orc (D:5)
  A kobold brigand (Sewer)
  A gnoll sergeant (D:6)
  3 bullfrogs
  A scorpion (D:5)
  Dowan (D:5)
  9 killer bees (D:9)
  7 wights
  6 howler monkeys
  5 centaur zombies
  2 hounds
  11 orc priests
  Jessica (D:2)
  Ijyb (D:3)
  5 orc wizards
  3 hell rats (D:8)
  A killer bee zombie (D:8)
  A hound zombie (D:5)
  A hound skeleton (D:4)
  Robin (D:4)
  4 mummies
  5 gnolls (D:6)
  7 adders
  15 river rats
  A white imp (D:8)
  An ufetubus (D:5)
  A worm (D:2)
  25 orcs
  8 endoplasms
  4 giant cockroaches
  10 goblins
  12 hobgoblins
  21 kobolds
  8 quokkas
  5 ball pythons
  3 bats
  5 frilled lizards
  3 gnoll skeletons (Ossuary)
  4 gnoll zombies (Ossuary)
  4 goblin skeletons (Ossuary)
  3 goblin zombies (Ossuary)
  3 hobgoblin skeletons (Ossuary)
  7 hobgoblin zombies (Ossuary)
  5 kobold skeletons (Ossuary)
  4 kobold zombies (Ossuary)
  6 orc skeletons (Ossuary)
  6 orc zombies (Ossuary)
  37 rats
  4 rat skeletons (Ossuary)
  A rat zombie (Ossuary)
313 creatures vanquished.

Vanquished Creatures (others)
  6 plants
6 creatures vanquished.

Grand Total: 319 creatures vanquished

Notes
Turn   | Place    | Note
-------+----------+-------------------------------------------
     0 | D:1      | freelancePsychic the Vine Stalker Brigand began the quest
                  | for the Orb.
     0 | D:1      | Reached XP level 1. HP: 11/11 MP: 2/2
   290 | D:1      | Reached XP level 2. HP: 14/15 MP: 3/3
   754 | D:1      | Found a faded altar of an unknown god.
   913 | D:2      | You fall into a shaft and drop 2 floors!
  1104 | D:3      | Found a glowing drain.
  1223 | Sewer    | Entered a sewer
  1243 | Sewer    | Reached skill level 1 in Conjurations
  1370 | Sewer    | Reached XP level 3. HP: 18/18 MP: 4/4
  1844 | Sewer    | Gained mutation: Your natural rate of healing is unusually
                  | fast. [Vine Stalker growth]
  1844 | Sewer    | Reached XP level 4. HP: 20/23 MP: 5/5
  1940 | Sewer    | Reached XP level 5. HP: 17/27 MP: 1/6
  2037 | Sewer    | Noticed a kobold brigand
  2070 | Sewer    | Killed a kobold brigand
  2376 | D:3      | Noticed Sigmund
  2421 | D:2      | Found Fued's Jewellery Shop.
  2874 | D:2      | Noticed Jessica
  2885 | D:2      | Killed Jessica
  2886 | D:2      | Reached XP level 6. HP: 24/32 MP: 5/7
  3341 | D:3      | Noticed Ijyb
  3346 | D:3      | Killed Ijyb
  3950 | D:4      | Noticed Robin
  3954 | D:4      | Reached skill level 5 in Short Blades
  3972 | D:4      | Killed Robin
  4054 | D:4      | Noticed a black bear
  4076 | D:4      | Killed a black bear
  4077 | D:4      | Reached XP level 7. HP: 37/37 MP: 8/8
  4239 | D:4      | Found a staircase to the Ecumenical Temple.
  4252 | D:4      | Found a burning altar of Makhleb.
  4282 | Temple   | Entered the Ecumenical Temple
  4380 | D:4      | Found a basalt altar of Yredelemnul.
  4626 | D:5      | Entered Level 5 of the Dungeon
  4947 | D:5      | Noticed Duvessa
  4947 | D:5      | Noticed Dowan
  4966 | D:5      | Killed Duvessa
  4967 | D:5      | Reached skill level 1 in Armour
  4967 | D:5      | Gained mutation: You have razor-sharp teeth. [Vine Stalker
                  | growth]
  4967 | D:5      | Reached XP level 8. HP: 27/42 MP: 9/9
  4976 | D:5      | Killed Dowan
  5092 | D:5      | Noticed Blork the orc
  5110 | D:5      | Killed Blork the orc
  5236 | D:6      | Noticed Grinder
  5386 | D:6      | Reached skill level 5 in Fighting
  5624 | D:7      | Found a bloodstained altar of Trog.
  5624 | D:7      | Noticed a hornet
  5634 | D:7      | Killed a hornet
  5649 | D:7      | Reached skill level 10 in Short Blades
  5651 | D:7      | Reached XP level 9. HP: 22/48 MP: 10/10
  6388 | D:6      | Paralysed by Grinder for 7 turns
  6423 | D:6      | Paralysed by Grinder for 5 turns
  6443 | D:6      | Killed Grinder
  6571 | D:6      | Found a glowing silver altar of Zin.
  6889 | D:8      | Reached skill level 5 in Armour
  7089 | D:8      | Found a staircase to the Lair.
  7091 | D:8      | Noticed a komodo dragon
  7111 | D:8      | Killed a komodo dragon
  7112 | D:8      | Reached XP level 10. HP: 40/56 MP: 9/11
  7374 | D:8      | Found a sand-covered staircase.
  7383 | Ossuary  | Entered an ossuary
  7703 | Ossuary  | Noticed Menkaure
  7723 | Ossuary  | Killed Menkaure
  8521 | D:9      | Found a shimmering blue altar of Sif Muna.
  8581 | D:9      | Found a broken altar of Ashenzari.
  8628 | D:9      | Noticed a manticore
  8630 | D:9      | Noticed a centaur warrior
  8684 | D:9      | Killed a centaur warrior
  8706 | D:9      | Killed a manticore
  8823 | D:9      | Reached XP level 11. HP: 57/63 MP: 9/12
  8945 | D:9      | Reached skill level 10 in Fighting
  9234 | D:9      | Found an ornate altar of the Wu Jian Council.
  9370 | D:10     | Entered Level 10 of the Dungeon
  9405 | D:10     | Found a transporter.
  9405 | D:10     | Found a one-way gate to the infinite horrors of the Abyss.
  9405 | D:10     | Noticed lonewolfV2's ghost (novice MiFi)
  9408 | D:10     | Noticed a large abomination
  9426 | D:10     | Found a transporter.
  9440 | D:10     | Found a staircase to the Orcish Mines.
  9498 | D:10     | Found a snail-covered altar of Cheibriados.
  9509 | D:10     | Became a worshipper of Cheibriados the Contemplative
  9598 | D:10     | Found an opulent altar of Gozag.
  9599 | D:10     | Found a sparkling altar of Nemelex Xobeh.
  9601 | D:10     | Found a hazy altar of Hepliaklqana.
  9603 | D:10     | Found an iron altar of Okawaru.
  9603 | D:10     | Found a hide-covered altar of Uskayaw.
  9684 | D:10     | Killed from afar by a gargoyle

Illustrated notes

Levels and vault maps discovered:
D:1:      dpeg_arrival_connections, layout_loops_ring,
          shapermc_ecumenical_altar_mp_vishouse
D:2:      layout_basic, serial_shops, shop, uniq_jessica
D:3:      layout_basic, portal_sewer_entry_f, uniq_ijyb, uniq_sigmund
D:4:      layout_cave_pools, nicolae_overflow_squiral,
          minmay_temple_entry_stoned_glass, serial_park, serial_park_square3
          [serial_park_minivault_5x5_5], serial_park_gazebo
          [serial_park_minivault_5x5_5], serial_park_square2, uniq_robin
D:5:      layout_rooms, uniq_duvessa, uniq_blork_the_orc
D:6:      layout_rooms, zin_treasury, uniq_grinder
D:7:      layout_loops_ring, trog_ov_bears_minmay, hangedman_decor_lopped,
          minivault_26
D:8:      lemuel_ratsnest, layout_loops_corners, david_lair_shrubbed,
          enter_ossuary_3
D:9:      minmay_bloctagon_deflated, layout_long_grid, lemuel_blue_sif_altar,
          cheibrodos_ashenzari_chains, nicolae_wu_jian_glorious_leap
D:10:     layout_stronghold, slow_altar_2, grunt_temple_overflow_open,
          orc_0_dummy, gammafunk_ghost_abyssal_escape, uniq_snorg, uniq_urug,
          uniq_erolcha
Temple:   dpeg_three_leaves_temple

Skill      XL: |  1  2  3  4  5  6  7  8  9 10 11 |
---------------+----------------------------------+-----
Short Blades   | 2 3 4 6 8 10 | 10.0
Fighting       | 2 3 4 5 7 9 10 | 10.2
Conjurations   | 1 |  1.2
Armour         | 1 3 5 7 8 |  8.2
Throwing       | |  1.7
Dodging        | |  0.8
Stealth        | |  4.8
Spellcasting   | |  0.6

Action                   |  1- 3 |  4- 6 |  7- 9 | 10-12 || total
-------------------------+-------+-------+-------+-------++-------
Melee: Dagger            |    80 |   219 |   330 |   432 ||  1061
       Bite              |    16 |    57 |   118 |   146 ||   337
       Punch             |       |     5 |     3 |     7 ||    15
Throw: Dart              |     7 |    10 |     6 |     5 ||    28
Evoke: Wand              |       |       |       |     4 ||     4
  Use: Scroll            |     2 |     5 |     7 |     4 ||    18
       Potion            |       |     1 |     4 |     1 ||     6
 Stab: Sleeping          |     8 |     5 |       |       ||    13
       Distracted        |       |     1 |       |       ||     1
Armor: Robe              |    14 |    15 |       |       ||    29
       Scale mail        |       |    16 |       |       ||    16
       Chain mail        |       |    50 |    89 |    68 ||   207
       Plate armour      |       |       |       |   126 ||   126
Dodge: Dodged            |    33 |    75 |    57 |   104 ||   269

Table legend: (Time is in decaauts)
 A = Elapsed time spent in this place.
 B = Non-inter-level travel time spent in this place.
 C = Inter-level travel time spent in this place.
 D = Time resting spent in this place.
 E = Time spent auto-exploring this place.
 F = Levels seen in this place.
 G = Mean time per level.
                   A        B        C        D        E       F      G
               +--------+--------+--------+--------+--------+-----+--------+
         Total |   9290 |   8808 |    482 |    275 |   6241 |  13 |  714.6 |
       Dungeon |   7759 |   7293 |    466 |    269 |   5205 |  10 |  775.9 |
        Temple |     80 |     65 |     15 |      0 |     58 |   1 |   80.0 |
         Sewer |   1108 |   1108 |      0 |      0 |    805 |   1 | 1108.0 |
       Ossuary |    341 |    341 |      0 |      6 |    172 |   1 |  341.0 |
               +--------+--------+--------+--------+--------+-----+--------+

Top non-repeatable levels by time:
   Sewer: 1108 daAuts
     D:3: 1108 daAuts
     D:8: 1051 daAuts
     D:9: 941 daAuts
     D:7: 890 daAuts
     D:2: 815 daAuts
     D:1: 810 daAuts
     D:4: 630 daAuts
     D:5: 614 daAuts
     D:6: 560 daAuts
 Ossuary: 341 daAuts
    D:10: 336 daAuts
  Temple: 80 daAuts
